 Dungeon Sprint DCSS version 0.30.1-11-g7821555f0a (webtiles) character file.

Game seed: 6584232594508408319

4100000 Groucho the Ninja (level 19, -50/132 HPs)
             Began as a Spriggan Warper on Dec 17, 2023.
             Was the Champion of Makhleb.
             Annihilated by a meat berserker
             ... wielding a +9 battleaxe
              (79 damage)
             ... in the Dungeon (Sprint VIII: "Arena of Blood").
             The game lasted 00:01:17 (41 turns).

Groucho the Ninja (Spriggan Warper)                   Turns: 41, Time: 00:01:17

Health: -50/132    AC:  3    Str:  7    XL:     19   Next: 9%
Magic:  11/51      EV: 37    Int: 21    God:    Makhleb [******]
Gold:   0          SH:  0    Dex: 16    Spells: 72/72 levels left

rFire   . . .        j - +∞ Axe of Woe
rCold   . . .        (shield currently unavailable)
rNeg    . . .        b - +0 robe
rPois   .            (helmet restricted)
rElec   .            (no cloak)
rCorr   .            (gloves unavailable)
SInv    +            (boots unavailable)
Will    +++..        (no amulet)
Stlth   ++++++++++   (no ring)
HPRegen 0.42/turn    (no ring)
MPRegen 0.32/turn

%: no teleportation
@: very quick
A: very small, no large weapons, unfitting armour, see invisible, speed 3
a: Renounce Religion, Minor Destruction, Lesser Servant of Makhleb, Major
Destruction, Greater Servant of Makhleb


You were in the Dungeon.
You worshipped Makhleb.
Makhleb was exalted by your worship.
You visited 1 branch

Inventory:

Hand Weapons
 a - a +0 hand axe
 j - the +∞ Axe of Woe (weapon)
   (You found it in the Dungeon)
Missiles
 d - 7 boomerangs of dispersal (quivered)
Armour
 b - a +0 robe (worn)
Scrolls
 c - 2 scrolls of blinking
Potions
 e - a potion of curing
 f - a potion of heal wounds
 g - a potion of haste
 h - 2 potions of magic
 i - a potion of berserk rage


   Skills:
 O Level 27 Fighting
 O Level 27 Axes
 - Level 1.0 Throwing
 + Level 18.5 Armour
 O Level 27 Dodging
 O Level 27 Stealth
 O Level 27 Spellcasting
 O Level 27 Translocations
 + Level 23.3 Invocations


You had 72 spell levels left.
You didn't know any spells.
Your spell library contained the following spells:

 Spells                   Type           Power      Damage    Failure   Level
 Blink                    Tloc           100%       N/A       0%          2
 Lesser Beckoning         Tloc           100%       N/A       0%          2
 Teleport Other           Tloc           96%        N/A       0%          3
 Vhi's Electric Charge    Tloc/Air       100%       N/A       0%          3
 Manifold Assault         Tloc           96%        N/A       0%          4


Dungeon Overview and Level Annotations

Branches:
Dungeon (1/1)

Altars:
Makhleb


Innate Abilities, Weirdness & Mutations

You are very small and have problems with some larger weapons.
You are too small for most types of armour.
You have supernaturally acute eyesight. (SInv)
You cover ground extremely quickly. (Speed+++)


Message History

The destroyer blinks!
You hear a shout! x2
A large bag of meat comes into view. It is wielding a +9 giant spiked club.
The destroyer gestures at you while chanting.
The destroyer blinks!
You hear a shout! x4
A meat berserker comes into view. It is wielding a +9 battleaxe.
Unknown command.
Press < or > to pray at altars.
You slice the large bag of meat!!
Flame seeps out of the large bag of meat.
You butcher the large bag of meat messily.
Makhleb accepts your kill.
The large bag of meat explodes!
The fiery explosion engulfs you!!!
* * * LOW HITPOINT WARNING * * *
You are engulfed in blazing flames.
* * * LOW HITPOINT WARNING * * *
You hear a shout! x4
The meat berserker rages.
The destroyer gestures at you while chanting.
The destroyer blinks!
Your Armour skill gained 2 levels and is now at level 18!
Your Invocations skill gained 2 levels and is now at level 23!
You have reached level 19!
Unknown command.
Press < or > to pray at altars.
You hit the meat berserker but do no damage.
You pulverise the meat berserker into a thin bloody mist.
You kill the meat berserker!
Makhleb accepts your kill.
You feel better.
You are engulfed in blazing flames.
* * * LOW HITPOINT WARNING * * *
A destroyer comes into view. It is wielding a +9 heavy great sword.
You hear a shout!
The destroyer is engulfed in blazing flames.
The meat berserker is engulfed in blazing flames.
The meat berserker hits you with a +9 battleaxe!!!!
Ouch! That really hurt!
You die...

V.o.. .. #.O. ..#
#.O. ..#
...###... ..###.
.......o###......
#.....§.._.......
..... #O§...# ...
......#@OV._#....
......#§§)§.#....
#......V§§§......
.......o###§.....
...###..)§§O.###.
. #..)§°§.#
#..)§§§.#
......)))o.....
...............


You could see 3 destroyers, 2 large bags of meat, 2 meat berserkers and 3 bags
of meat.

Vanquished Creatures
  9 ogres (D)
  3 two-headed ogres (D)
  18 orcs (D)
30 creatures vanquished.

Notes
Turn   | Place    | Note
-------+----------+-------------------------------------------
     0 | D        | Found the +∞ Axe of Woe
     0 | D        | Groucho the Spriggan Warper began the quest for the Orb.
     0 | D        | Reached XP level 1. HP: 10/10 MP: 5/5
     3 | D        | Noticed a bag of meat
     4 | D        | Became a worshipper of Makhleb the Destroyer
     5 | D        | Noticed a bag of meat
     7 | D        | Noticed a bag of meat
     8 | D        | Noticed a bag of meat
     9 | D        | Noticed a bag of meat
     9 | D        | Noticed a meat berserker
    10 | D        | Killed a meat berserker
    10 | D        | Noticed a bag of meat
    10 | D        | Noticed a bag of meat
    10 | D        | Noticed a bag of meat
    11 | D        | Reached skill level 10 in Fighting
    11 | D        | Reached skill level 10 in Axes
    11 | D        | Reached skill level 15 in Dodging
    11 | D        | Reached XP level 2. HP: 24/24 MP: 5/18
    11 | D        | Reached XP level 3. HP: 28/28 MP: 5/19
    11 | D        | Reached XP level 4. HP: 32/32 MP: 5/21
    11 | D        | Reached XP level 5. HP: 37/37 MP: 5/22
    11 | D        | Reached XP level 6. HP: 42/42 MP: 5/24
    11 | D        | Reached XP level 7. HP: 46/46 MP: 5/25
    11 | D        | Reached XP level 8. HP: 50/50 MP: 5/27
    11 | D        | Reached XP level 9. HP: 54/54 MP: 5/28
    11 | D        | Reached XP level 10. HP: 59/59 MP: 5/29
    11 | D        | Reached XP level 11. HP: 63/63 MP: 5/30
    11 | D        | Killed a bag of meat
    11 | D        | Reached * piety under Makhleb
    11 | D        | Noticed a meat berserker
    11 | D        | Noticed a bag of meat
    12 | D        | Reached skill level 15 in Spellcasting
    12 | D        | Reached XP level 12. HP: 69/69 MP: 5/32
    12 | D        | Noticed a bag of meat
    12 | D        | Killed a bag of meat
    12 | D        | Noticed a meat berserker
    13 | D        | Reached skill level 27 in Stealth
    13 | D        | Reached XP level 13. HP: 74/74 MP: 5/34
    13 | D        | Killed a bag of meat
    13 | D        | Killed a bag of meat
    13 | D        | Reached ** piety under Makhleb
    13 | D        | Noticed a bag of meat
    14 | D        | Noticed a bag of meat
    14 | D        | Killed a bag of meat
    14 | D        | Noticed a meat berserker
    15 | D        | Reached XP level 14. HP: 83/83 MP: 5/38
    15 | D        | Killed a bag of meat
    15 | D        | Noticed a bag of meat
    16 | D        | Noticed a bag of meat
    16 | D        | Killed a bag of meat
    16 | D        | Reached *** piety under Makhleb
    16 | D        | Noticed a meat berserker
    17 | D        | Noticed a bag of meat
    17 | D        | Killed a meat berserker
    17 | D        | Killed a meat berserker
    17 | D        | Killed a bag of meat
    17 | D        | Reached **** piety under Makhleb
    17 | D        | Noticed a bag of meat
    17 | D        | Noticed a bag of meat
    18 | D        | Reached skill level 27 in Translocations
    18 | D        | Reached XP level 15. HP: 93/93 MP: 6/43
    18 | D        | Noticed a meat berserker
    19 | D        | Noticed a large bag of meat
    19 | D        | Killed a meat berserker
    20 | D        | Reached skill level 27 in Dodging
    20 | D        | Reached XP level 16. HP: 102/102 MP: 7/47
    20 | D        | Noticed a meat berserker
    21 | D        | Noticed a destroyer
    22 | D        | Reached ***** piety under Makhleb
    23 | D        | Reached skill level 27 in Spellcasting
    23 | D        | Killed a meat berserker
    24 | D        | Noticed a meat berserker
    26 | D        | Reached XP level 17. HP: 114/114 MP: 8/49
    26 | D        | Killed a meat berserker
    27 | D        | Noticed a large bag of meat
    28 | D        | Killed a meat berserker
    29 | D        | Reached ****** piety under Makhleb
    30 | D        | Reached skill level 27 in Fighting
    30 | D        | Reached skill level 27 in Axes
    30 | D        | Reached skill level 5 in Armour
    30 | D        | Reached XP level 18. HP: 127/127 MP: 9/50
    30 | D        | Killed a large bag of meat
    31 | D        | Killed a meat berserker
    32 | D        | Reached skill level 15 in Armour
    32 | D        | Noticed a meat berserker
    33 | D        | Noticed a large bag of meat
    35 | D        | Noticed a large bag of meat
    36 | D        | Killed a large bag of meat
    36 | D        | Noticed a destroyer
    38 | D        | Noticed a meat berserker
    39 | D        | Noticed a large bag of meat
    40 | D        | Noticed a meat berserker
    40 | D        | Killed a large bag of meat
    41 | D        | Reached XP level 19. HP: 14/132 MP: 11/51
    41 | D        | Killed a meat berserker
    41 | D        | Noticed a destroyer
    41 | D        | Annihilated by a meat berserker

Illustrated notes

Levels and vault maps discovered:
D:        meatsprint

Skill      XL: |  1  2  3  4  5  6  7  8  9 10 11 12 13 14 15 16 17 18 |
---------------+-------------------------------------------------------+-----
Fighting       | 10 11 13 17 19 23 27 | 27.0
Axes           | 10 11 13 17 19 23 27 | 27.0
Dodging        | 15 16 17 20 25 27 | 27.0
Stealth        | 23 25 27 | 27.0
Spellcasting   | 14 15 16 19 23 26 27 | 27.0
Translocations | 16 18 19 22 27 | 27.0
Armour         | 5 18 | 18.5
Invocations    | 7 23 | 23.3
Throwing       | |  1.0

Action                     |  1- 3 |  4- 6 |  7- 9 | 10-12 | 13-15 | 16-18 | 19-21 || total
---------------------------+-------+-------+-------+-------+-------+-------+-------++-------
  Melee: Broad axe         |     1 |       |       |     2 |     7 |    12 |     1 ||    23
  Dodge: Dodged            |       |       |       |       |     1 |       |       ||     1
